Match 47014823
Unlisted

Match 47014823
End
Kradschützen Motorcycle Team
Selects Italian Combined Arms Battlegroup
Selects Italian Combined Arms Battlegroup
Selects Italian Combined Arms Battlegroup
Selects Italian Combined Arms Battlegroup
Selects Bersaglieri Squad
Bersaglieri Squad
250 Light Carrier
Bersaglieri Squad
Construct Light Support Kompanie
Selects Bersaglieri Bolster
Fire Support Elements
Vehicle Survival Package
Combat Half-tracks
Flakvierling Half-track
Panzerjäger Mechanized Group
Selects Breda Model 30 Light Machine Guns
Bersaglieri Squad
Flakvierling Half-track
Bersaglieri Squad
Veteran Squad Leaders
Construct Mechanized Kompanie
Selects Semovente da 75/18 Assault Gun
Panzerpioneer Squad
Selects Strafing Run
Assault Mechanized Group
Selects Pact of Steel
Marder III Tank Destroyer
Flakvierling Half-track
Marder III Tank Destroyer
Marder III Tank Destroyer
Strafing Run
水银灯
단팥붕어빵
飞行的猫先森
FLOKL
Raiden
【POW】游骑
WHAT CAN I SAY?
Major, Hou, Yu-Ih
0
0

Comments sign in to comment!

No comments posted yet!